 Dungeon Crawl Stone Soup version 0.23-a0-484-g29ba69c (webtiles) character file.

84 galech the Skirmisher (level 4, 28/35 HPs)
             Began as a Demonspawn Fighter on Nov 30, 2018.
             Quit the game on level 2 of the Dungeon.
             The game lasted 00:01:29 (953 turns).

galech the Skirmisher (Demonspawn Fighter)           Turns: 953, Time: 00:01:30

Health: 28/35      AC:  4    Str: 17    XL:     4   Next: 24%
Magic:  4/4        EV:  8    Int:  9    God:
Gold:   111        SH:  9    Dex: 13    Spells: 3/3 levels left

rFire    . . .     SeeInvis .   a - +0 war axe
rCold    . . .     Gourm    .   c - +0 shield
rNeg     . . .     Faith    .   k - -2 ring mail (curse)
rPois    .         Spirit   +   (no helmet)
rElec    .         Reflect  .   (no cloak)
rCorr    .         Harm     .   (no gloves)
MR       .....                  i - +0 pair of boots
Stlth    ++........             (no amulet)
HPRegen  0.11/turn              (no ring)
MPRegen  0.09/turn              (no ring)

@: no status effects
A: nightstalker 1, magic shield
a: no special abilities


You were on level 2 of the Dungeon.
You were not hungry.

You visited 1 branch of the dungeon, and saw 2 of its levels.

You collected 111 gold pieces.

Inventory:

Hand Weapons
 a - a +0 war axe (weapon)
Armour
 b - a +0 scale mail
 c - a +0 shield (worn)
 i - a +0 pair of boots (worn)
 k - a cursed -2 ring mail (worn)
Scrolls
 g - a scroll of immolation {unknown}
 h - a scroll of fear
 m - a scroll of identify
Potions
 d - a potion of might
 e - 2 potions of curing {unknown}
 l - a potion of brilliance {unknown}
Comestibles
 f - 2 rations
 j - 4 chunks of flesh


   Skills:
 + Level 3.3 Fighting
 + Level 3.1 Axes
 + Level 3.0 Armour
 + Level 0.2 Dodging
 + Level 3.2 Shields


You had 3 spell levels left.
You didn't know any spells.
Your spell library was empty.

Dungeon Overview and Level Annotations

Branches:
Dungeon (2/15)

Altars:


Innate Abilities, Weirdness & Mutations

You are slightly more attuned to the shadows.
When hurt, damage is shared between your health and your magic reserves.


Message History

You kill the adder!
Your Axes skill increases to level 3!
You have reached level 4!
You feel stronger.
Your demonic ancestry asserts itself...
You slip into the darkness of the dungeon.
You block the adder's attack.
You slash the adder!
You kill the adder!
No target in view!
No target in view!
No target in view!
No target in view!
No target in view!
No target in view!
No target in view!
You see here an adder corpse.
You butcher the adder corpse.
j - 4 chunks of flesh (gained 2)
You see here an adder skeleton.
Are you sure you want to abandon this character and quit the game? (Confirm

#.......#
##.##.#
#.......#
####.####
#.......#
#.......#
#.......#
#.##.##.#
........#
# #.##.#
........#
..##.#
......§§#
#####.#
#.#.###§#
#.#####.#
..#.# §§#
#....@..#
..#.# §
#.#######
.....
..#.# .##
.# . . ..


There were no monsters in sight!

Vanquished Creatures
  3 adders (D:2)
  2 oozes (D:1)
  3 dart slugs
  A leopard gecko (D:1)
  3 bats (D:1)
  4 giant cockroaches
  7 goblins
  3 hobgoblins (D:1)
  3 jackals (D:1)
  4 kobolds
  5 frilled lizards (D:1)
  2 rats (D:1)
40 creatures vanquished.

Notes
Turn   | Place    | Note
-------+----------+-------------------------------------------
     0 | D:1      | galech the Demonspawn Fighter began the quest for the Orb.
     0 | D:1      | Reached XP level 1. HP: 18/18 MP: 1/1
   100 | D:1      | Gained mutation: When hurt, damage is shared between your
                  | health and your magic reserves. [demonic ancestry]
   100 | D:1      | Reached XP level 2. HP: 23/24 MP: 2/2
   244 | D:1      | Reached XP level 3. HP: 29/29 MP: 3/3
   948 | D:2      | Gained mutation: You are slightly more attuned to the
                  | shadows. [demonic ancestry]
   948 | D:2      | Reached XP level 4. HP: 28/35 MP: 4/4
   953 | D:2      | Quit the game

Vault maps used:
D:1:      sevenhm_arrival_forest_fort_large_4
D:2:      grunt_dithmenos_smoke_and_mirrors

Skill      XL: |  1  2  3 |
---------------+----------+-----
Shields        | 3 |  3.2
Axes           | 2 3 |  3.1
Armour         | 3 |  3.0
Fighting       | |  3.3
Dodging        | |  0.2

Action                   |  1- 3 |  4- 6 || total
-------------------------+-------+-------++-------
Melee: War axe           |    97 |     1 ||    98
  Use: Scroll            |     3 |       ||     3
Armor: Scale mail        |    34 |       ||    34
       Ring mail         |     7 |       ||     7
Dodge: Dodged            |    36 |       ||    36
Block: Shield            |    54 |     1 ||    55

Table legend:
 A = Non-vault XP
 B = Vault XP
 C = Vault XP percentage of total XP
 D = Non-vault monster count
 E = Vault monster count
 F = Vault count percentage of total count
                 A         B        C        D         E       F
            +---------+---------+-------+---------+---------+-------
      Total |     121 |       0 |   0.0 |      40 |       0 |   0.0
            +---------+---------+-------+---------+---------+-------
        D:1 |      65 |       0 |   0.0 |      31 |       0 |   0.0
        D:2 |      56 |       0 |   0.0 |       9 |       0 |   0.0
            +---------+---------+-------+---------+---------+-------
